 Dungeon Crawl Stone Soup version 0.21-a0-84-g85d6d27 (webtiles) character file.

74 slavetoarmok the Chopper (level 4, -3/41 HPs)
             Began as a Hill Orc Monk on July 5, 2017.
             Shot with an arrow by a centaur (4 damage)
             ... on level 3 of the Dungeon.
             The game lasted 00:03:19 (1924 turns).

slavetoarmok the Chopper (Hill Orc Monk)            Turns: 1924, Time: 00:03:20

Health: -3/41      AC:  9    Str: 14    XL:     4   Next: 28%
Magic:  4/4        EV:  7    Int: 10    God:
Gold:   127        SH:  0    Dex: 13    Spells: 3/3 levels left

rFire    . . .     SeeInvis .   a - +0 hand axe
rCold    . . .     Gourm    .   (no shield)
rNeg     . . .     Faith    .   g - +0 chain mail
rPois    .         Spirit   .   m - +0 helmet
rElec    .         Reflect  .   (no cloak)
rCorr    .         Harm     .   (no gloves)
MR       .....                  (no boots)
Stlth    ..........             (no amulet)
HPRegen  0.13/turn              (no ring)
MPRegen  0.09/turn              (no ring)

@: no status effects
A: no striking features
a: no special abilities


You were on level 3 of the Dungeon.
You were not hungry.

You visited 1 branch of the dungeon, and saw 3 of its levels.

You collected 127 gold pieces.

Inventory:

Hand Weapons
 a - a +0 hand axe (weapon)
Armour
 b - a +0 robe
 g - a +0 chain mail (worn)
 m - a +0 helmet (worn)
Jewellery
 i - an uncursed ring of ice {unknown}
 p - a +4 ring of intelligence {unknown}
Scrolls
 e - a scroll of random uselessness {unknown}
 j - a scroll of immolation {unknown}
 k - 4 scrolls of identify {unknown}
 n - a scroll of enchant armour {unknown}
Potions
 f - 2 potions of curing {unknown}
 h - a potion of magic {unknown}
 q - a potion of agility {unknown}
 r - a potion of haste {unknown}
Comestibles
 c - 2 bread rations
 d - 7 fruits
 l - 2 meat rations
 o - 2 royal jellies
 s - 2 chunks of flesh


   Skills:
 + Level 4.3 Fighting
 + Level 5.1 Axes
 + Level 2.2 Armour
 - Level 2.4 Dodging
 - Level 1.5 Stealth


You had 3 spell levels left.
You didn't know any spells.

Dungeon Overview and Level Annotations

Branches:
Dungeon (3/15)

Altars:
Cheibriados
Okawaru


Message History

The centaur shouts!
The centaur wields a shortbow.
The centaur shoots an arrow.
The arrow hits you.
You see here an arrow.
The centaur shoots an arrow.
The arrow hits you!
You see here an arrow.
A hobgoblin comes into view.
The hobgoblin shouts!
The centaur shoots an arrow.
The arrow barely misses you.
The centaur shoots an arrow.
The arrow hits you!
You are too injured to fight recklessly!
You are too injured to fight recklessly!
You are too injured to fight recklessly!
The centaur shoots an arrow.
The arrow hits you.
* * * LOW HITPOINT WARNING * * *
You see here an arrow.
The centaur shoots an arrow.
The arrow hits you!
* * * LOW HITPOINT WARNING * * *
You see here 2 arrows.
The centaur shoots an arrow.
The arrow hits you.
You die...

<..................#.#.#
.#.##...##...#.#####...##
.#.##...##...#.##......(.
........##.............#
############.#.##...##.#
.....#.#.......#
...#.#.#.##.####
......#+#.##.##
#...#....@....#
.........(....#
###...((....#
#...........#
...............#
###..........#.#
............##.#
####.#c.g##.# # #.#...#
.#


You could see a centaur and a hobgoblin.

Vanquished Creatures
  3 adders
  3 dart slugs
  A leopard gecko (D:1)
  A ball python (D:1)
  8 bats
  3 giant cockroaches
  6 hobgoblins
  3 jackals (D:1)
  A frilled lizard (D:2)
  6 kobolds
  A rat (D:1)
36 creatures vanquished.

Notes
Turn   | Place    | Note
-------+----------+-------------------------------------------
     0 | D:1      | slavetoarmok the Hill Orc Monk began the quest for the Orb.
     0 | D:1      | Reached XP level 1. HP: 19/19 MP: 1/1
    57 | D:1      | Reached skill level 1 in Armour
    57 | D:1      | Reached XP level 2. HP: 14/27 MP: 2/2
   601 | D:1      | Reached XP level 3. HP: 28/33 MP: 3/3
  1263 | D:2      | Found an iron altar of Okawaru.
  1796 | D:3      | Found a snail-covered altar of Cheibriados.
  1829 | D:3      | Reached skill level 5 in Axes
  1829 | D:3      | Reached XP level 4. HP: 37/40 MP: 4/4
  1919 | D:3      | Noticed a centaur
  1923 | D:3      | HP: 1/41 [centaur/arrow (11)]
  1924 | D:3      | Shot with an arrow by a centaur

Vault maps used:
D:1:      roderic_octagonal_star, minmay_strange_pillars, hangedman_decor_push,
          st_stairs_10, serial_bayou_pond_d
D:2:      okawaru_trees_1
D:3:      kennysheep_six_static_rooms, lemuel_coloured_pillars_altar,
          lemuel_round_altar, nrook_loot_triangle

Skill      XL: |  1  2  3 |
---------------+----------+-----
Armour         | 1 2 |  2.2
Fighting       | 4 |  4.3
Axes           | 5 |  5.1
Dodging        | |  2.4
Stealth        | |  1.5

Action                   |  1- 3 |  4- 6 || total
-------------------------+-------+-------++-------
Melee: Hand axe          |   134 |    21 ||   155
 Stab: Sleeping          |     3 |       ||     3
  Eat: Chunk             |     2 |     1 ||     3
Armor: Robe              |    19 |       ||    19
       Chain mail        |    29 |    22 ||    51
Dodge: Dodged            |   109 |    11 ||   120
